 Dungeon Crawl Stone Soup version 0.32-a0-350-g4f4d228785 (webtiles) character file.

Game seed: 6618334984590326198

46 benadryl the Trooper (level 3, -2/34 HPs)
             Began as a Mountain Dwarf Brigand on Feb 18, 2024.
             Slain by Terence
             ... wielding a +1 falchion of freezing
              (7 damage)
             ... on level 2 of the Dungeon.
             The game lasted 00:03:28 (1459 turns).

benadryl the Trooper (Mountain Dwarf Brigand)       Turns: 1459, Time: 00:03:28

Health: -2/34      AC: 10    Str: 15    XL:     3   Next: 46%
Magic:  3/3        EV:  7    Int: 11    God:
Gold:   109        SH:  0    Dex: 17    Spells: 2/2 levels left

rFire   + . .        a - +2 dagger
rCold   . . .        (no shield)
rNeg    . . .        p - +0 chain mail
rPois   .            n - +0 helmet
rElec   .            c - +0 cloak
rCorr   .            (no gloves)
SInv    .            (no boots)
Will    .....        l - amulet of reflection Stlth
                     j - +6 ring of dexterity
HPRegen 0.25/turn    m - ring of protection from fire
MPRegen 0.08/turn

%: reflection
@: confused, ambrosia-drunk
A: runic magic, artefact enchanting
a: no special abilities


You were on level 2 of the Dungeon.
You visited 1 branch of the dungeon, and saw 2 of its levels.

You collected 109 gold pieces.

Inventory:

Hand Weapons
 a - a +2 dagger (weapon)
Missiles
 d - 7 poisoned darts (quivered)
Armour
 c - a +0 cloak (worn)
 n - a +0 helmet (worn)
 p - a +0 chain mail (worn)
Jewellery
 h - a +6 ring of intelligence
 j - a +6 ring of dexterity (left hand)
 l - an amulet of reflection (around neck)
 m - a ring of protection from fire (right hand)
Potions
 b - a potion of mutation
 f - a potion of brilliance


   Skills:
 * Level 4.3 Fighting
 - Level 1.5 Short Blades
 - Level 1.5 Throwing
 - Level 0.6 Dodging
 - Level 2.9 Stealth


You had 2 spell levels left.
You didn't know any spells.
Your spell library contained the following spells:

 Spells                   Type           Power      Damage    Failure   Level
 Summon Forest            Summ/Tloc      0%         N/A       100%        5
 Summon Mana Viper        Hex/Summ       0%         N/A       100%        5
 Summon Cactus Giant      Summ           0%         N/A       100%        6


Dungeon Overview and Level Annotations

Branches:
Dungeon (2/15)

Altars:

Annotations:
D:2 Terence


Innate Abilities, Weirdness & Mutations

Your spellcasting is much less encumbered by armour.
You can use scrolls of enchantment on lesser artefacts.


Message History

Terence is moderately wounded.
Terence hits you but does no damage.
You hit Terence but do no damage.
Terence is moderately wounded.
You block Terence's attack.
You hit Terence.
Terence is moderately wounded.
Terence hits you with a +1 falchion of freezing.
Terence freezes you.
You hit Terence but do no damage.
Terence is moderately wounded.
Terence hits you with a +1 falchion of freezing.
Terence freezes you.
You hit Terence but do no damage.
Terence is moderately wounded.
Terence hits you with a +1 falchion of freezing.
Terence freezes you.
You hit Terence but do no damage.
Terence is moderately wounded.
Terence shouts, "Get ready for death!"
Terence hits you but does no damage.
You hit Terence.
Terence is heavily wounded.
You block Terence's attack.
You closely miss Terence.
Terence is heavily wounded.
You hit Terence but do no damage.
Terence is heavily wounded.
You block Terence's attack.
You closely miss Terence.
Terence is heavily wounded.
Terence hits you with a +1 falchion of freezing!
* * * LOW HITPOINT WARNING * * *
Terence freezes you.
* * * LOW HITPOINT WARNING * * *
You are confused.
You feel invigorated.
Terence hits you with a +1 falchion of freezing!
You die...
Terence says, "Rest in peace."

#....##..###.# #.##........#
....###......#. #.<.........#
#...# ##.....#.###...........#
#...# ###...#....(.........>#
#..## ####.###....#...ยง....#
#..# ####....#.#....#...:....#
..####.......#.#g#.###########
.###...........#@#.#
###.......)..#.#@#.
#..####.###.#.#.# ##..##...#
#.#.#.# #...#....# #.#.#.#
#...#....###.#...#
#........##..#####
....#######..# ....# ###...#
....####.....#


You could see Terence and a goblin.

Vanquished Creatures
  An adder (D:2)
  2 endoplasms
  4 goblins (D:1)
  3 hobgoblins
  3 jackals (D:1)
  A quokka (D:2)
  3 bats
  2 kobolds (D:2)
  2 rats
21 creatures vanquished.

Notes
Turn   | Place    | Note
-------+----------+-------------------------------------------
     0 | D:1      | benadryl the Mountain Dwarf Brigand began the quest for the
                  | Orb.
     0 | D:1      | Reached XP level 1. HP: 17/17 MP: 1/1
    59 | D:1      | Reached skill level 3 in Fighting
    59 | D:1      | Reached XP level 2. HP: 26/26 MP: 2/2
   837 | D:2      | Reached skill level 4 in Fighting
   837 | D:2      | Reached XP level 3. HP: 10/33 MP: 3/3
   955 | D:2      | Noticed Terence
  1459 | D:2      | Slain by Terence

Illustrated notes

Levels and vault maps discovered:
D:1:      psy_arrival_radial02, layout_basic
D:2:      minmay_recursive_quarters, layout_basic, hangedman_decor_growths,
          uniq_terence

Skill      XL: |  1  2 |
---------------+-------+-----
Fighting       | 3 4 |  4.3
Short Blades   | |  1.5
Throwing       | |  1.5
Dodging        | |  0.6
Stealth        | |  2.9

Action                     || total
---------------------------++-------
  Melee: Dagger            ||    96
  Throw: Dart              ||     6
    Use: Scroll            ||     5
         Potion            ||     4
   Stab: Sleeping          ||     3
 Armour: Robe              ||     7
         Chain mail        ||    71
  Dodge: Dodged            ||    32
  Block: Other             ||    20

Table legend: (Time is in decaauts)
 A = Elapsed time spent in this place.
 B = Non-inter-level travel time spent in this place.
 C = Inter-level travel time spent in this place.
 D = Time resting spent in this place.
 E = Time spent auto-exploring this place.
 F = Levels seen in this place.
 G = Mean time per level.
                   A        B        C        D        E       F      G
               +--------+--------+--------+--------+--------+-----+--------+
         Total |   1451 |   1342 |    109 |    307 |    752 |   2 |  725.5 |
       Dungeon |   1451 |   1342 |    109 |    307 |    752 |   2 |  725.5 |
               +--------+--------+--------+--------+--------+-----+--------+

Top non-repeatable levels by time:
     D:1: 1070 daAuts
     D:2: 380 daAuts
